 Dungeon Crawl Stone Soup version 0.30.0-2-g1aa4bd4387 (webtiles) character file.

Game seed: 14622378476314692278

3700 Jarnaxa the Carver (level 9, -4/69 HPs)
             Began as a Demonspawn Fighter on May 7, 2023.
             Was a Believer of Qazlal.
             Slain by Erica
             ... wielding a +2 scimitar of flaming
              (12 damage)
             ... on level 8 of the Dungeon.
             The game lasted 00:11:56 (7655 turns).

Jarnaxa the Carver (Demonspawn Fighter)             Turns: 7655, Time: 00:11:56

Health: -4/69      AC: 10    Str: 27    XL:     9   Next: 91%
Magic:  9/9        EV: 12    Int: 12    God:    Qazlal [**....]
Gold:   487        SH:  0    Dex: 12    Spells: 8/8 levels left

rFire   . . .        a - +1 long sword
rCold   . . .        c - +0 buckler
rNeg    . . .        k - +3 ring mail {Will+}
rPois   .            (helmet restricted)
rElec   .            (no cloak)
rCorr   .            b - +0 pair of gloves
SInv    .            (no boots)
Will    +....        (no amulet) Stlth
                     j - +6 ring of strength
HPRegen 0.31/turn    (no ring)
MPRegen 0.11/turn

%: no passive effects
@: confused
A: horns 1, ignite blood 1, big brain 1
a: Renounce Religion, Upheaval


You were on level 8 of the Dungeon.
You worshipped Qazlal.
Qazlal was pleased with you.
You visited 2 branches of the dungeon, and saw 9 of its levels.

You collected 487 gold pieces.

Inventory:

Hand Weapons
 a - a +1 long sword (weapon)
Armour
 b - a +0 pair of gloves (worn)
 c - a +0 buckler (worn)
 k - a +3 ring mail of willpower (worn)
Jewellery
 j - a +6 ring of strength (left hand)
 m - a ring of flight
Wands
 u - a wand of paralysis (13)
 A - a wand of flame (43)
Scrolls
 e - 4 scrolls of poison
 l - a scroll of blinking
 o - 3 scrolls of teleportation
 v - 4 scrolls of fog {unknown}
 w - 2 scrolls of identify
 x - a scroll of silence {unknown}
 y - a scroll of fear
 z - a scroll of noise {unknown}
Potions
 d - a potion of might
 f - 8 potions of curing
 g - 2 potions of flight {unknown}
 h - 6 potions of heal wounds
 i - 2 potions of haste {unknown}
 n - a potion of cancellation {unknown}
 p - 3 potions of degeneration {unknown}
 q - a potion of ambrosia
 r - 3 potions of lignification
 s - a potion of mutation {unknown}
 t - a potion of magic {unknown}


   Skills:
 + Level 6.0 Fighting
 + Level 8.3 Long Blades
 + Level 6.2 Armour
 + Level 3.8 Dodging
 + Level 2.0 Stealth
 + Level 6.0 Shields


You had 8 spell levels left.
You didn't know any spells.
Your spell library contained the following spells:

 Spells                   Type           Power      Damage    Failure   Level
 Kiss of Death            Conj/Necr      0%         2d5       50%         1
 Inner Flame              Hex/Fire       0%         N/A       86%         3
 Animate Dead             Necr           0%         N/A       99%         4
 Borgnjor's Vile Clutch   Necr/Erth      0%         N/A       100%        5
 Iskenderun's Battlesphe  Conj           0%         2d6       100%        5
 Yara's Violent Unravell  Hex/Tmut       0%         3d3       100%        5
 Death Channel            Necr           0%         N/A       100%        6
 Iron Shot                Conj/Erth      0%         9d1       100%        6
 Enfeeble                 Hex            0%         N/A       100%        7
 Spellforged Servitor     Conj/Summ      0%         N/A       100%        7


Dungeon Overview and Level Annotations

Branches:
Dungeon (8/15)             Temple (1/1) D:4
   Lair: D:8-11

Altars:
Ashenzari
Dithmenos
Fedhas
Gozag
Hepliaklqana
Kikubaaqudgha
Makhleb
Nemelex Xobeh
Okawaru
Qazlal
Ru
Sif Muna
Trog
Uskayaw
Vehumet
Wu Jian
Xom
Yredelemnul

Shops:
D:6 =   D:7 :

Annotations:
D:7 1 transporter
D:8 Erica


Innate Abilities, Weirdness & Mutations

You have a pair of small horns on your head.
Your demonic aura sometimes causes spilled blood to erupt in flames.
You have an unusually large brain. (Int +2)


Message History

The orc wizard barely misses you.
The orc priest mumbles some strange prayers to Beogh against you.
Beogh smites you!
You slash the orc wizard!
You kill the orc wizard!
Qazlal accepts your kill.
Erica the Fiery-Tempered comes into view.
She is wielding a +2 scimitar of flaming.
The orc priest looks encouraged for a moment.
The orc hits you but does no damage.
You slash the orc priest! You headbutt the orc priest.
You kill the orc priest!
Qazlal accepts your kill. You block the orc's attack.
Erica gestures wildly while chanting.
Erica flickers and vanishes!
Deactivating autopickup; reactivate with Ctrl-A.
You block the orc's attack.
You hit the orc.
The orc is lightly wounded.
The orc barely misses you.
You slash the orc!
You kill the orc!
Qazlal accepts your kill.
Things that are here:
a +0 trident; a +0 leather armour Something hits you.
Something burns you.
* * * LOW HITPOINT WARNING * * *
Something hits you but does no damage.
Things that are here:
a +0 trident; a +0 leather armour You hit something.
You block something's attack.
You barely miss something. Your headbutt misses something.
You hear some strange, mumbled words.
You are confused.
You barely miss something. Your headbutt misses something. Something hits you!
* * * LOW HITPOINT WARNING * * *
Something burns you.
* * * LOW HITPOINT WARNING * * *
You bump into the rock wall.
Something hits you!
You die...

...##......#....#.......#......⌠.
....##......#†##..##....#........
...........†.†.#..##........#...Y
.................###.......## ...
.............)....#....##.... ..
.>..............)....##......# #
.................)........##..
...........#.....○........ .#
.)........###..°@{........
.†.........###.###....##.#
†).........# ♣.♣ ##......#
...........#♣♣.♣ .....##
..<.....##...... ..>....
...........# ♣.♣ ####..#
...........# ..# ...........# .#
............#


There were no monsters in sight!

Vanquished Creatures
  Grinder (D:4)
  Sigmund (D:2)
  5 yaks (D:8)
  A steam dragon (D:6)
  2 water moccasins
  An ice beast (D:5)
  A sky beast (D:6)
  3 ogres
  2 centaurs
  A phantom (D:3)
  2 kobold brigands
  A scorpion (D:7)
  2 bullfrogs
  4 wights (D:7)
  A howler monkey (D:8)
  5 hounds
  3 jellies
  6 orc priests
  2 gnoll boudas
  Jessica (D:3)
  3 iguanas
  2 sleepcaps
  8 orc wizards
  Terence (D:3)
  8 gnolls (D:5)
  6 adders
  A white imp (D:6)
  4 ufetubi
  2 worms (D:2)
  2 dart slugs
  19 orcs
  7 bats
  7 endoplasms
  3 giant cockroaches
  3 goblins
  12 hobgoblins
  4 jackals (D:2)
  11 kobolds
  A quokka (D:1)
  6 ball pythons
  2 frilled lizards
  2 rats (D:2)
159 creatures vanquished.

Notes
Turn   | Place    | Note
-------+----------+-------------------------------------------
     0 | D:1      | Jarnaxa the Demonspawn Fighter began the quest for the Orb.
     0 | D:1      | Reached XP level 1. HP: 18/18 MP: 1/1
   247 | D:1      | Gained mutation: Your demonic aura sometimes causes spilled
                  | blood to erupt in flames. [demonic ancestry]
   247 | D:1      | Reached XP level 2. HP: 24/24 MP: 2/2
  1441 | D:2      | Reached skill level 2 in Long Blades
  1441 | D:2      | Reached XP level 3. HP: 26/29 MP: 3/3
  1703 | D:2      | Reached skill level 1 in Dodging
  1830 | D:2      | Noticed Sigmund
  1836 | D:2      | Killed Sigmund
  1837 | D:2      | Reached skill level 3 in Long Blades
  1837 | D:2      | Reached XP level 4. HP: 27/37 MP: 4/4
  1837 | D:2      | Gained mutation: You have a pair of small horns on your
                  | head. [demonic ancestry]
  1837 | D:2      | Reached XP level 5. HP: 30/42 MP: 5/5
  2157 | D:3      | Noticed a phantom
  2184 | D:3      | Killed a phantom
  2185 | D:3      | Reached XP level 6. HP: 27/48 MP: 6/6
  2333 | D:3      | Found a faded altar of an unknown god.
  2334 | D:3      | Noticed Jessica
  2344 | D:3      | Killed Jessica
  2345 | D:3      | Reached skill level 4 in Long Blades
  2348 | D:3      | Got Plato's Essays on Death
  2540 | D:3      | Noticed Terence
  2550 | D:3      | Killed Terence
  2810 | D:4      | Found a staircase to the Ecumenical Temple.
  2819 | Temple   | Entered the Ecumenical Temple
  2891 | Temple   | Became a worshipper of Qazlal Stormbringer
  3289 | D:4      | Noticed Grinder
  3305 | D:4      | Paralysed by Grinder for 3 turns
  3308 | D:4      | Killed Grinder
  3309 | D:4      | Reached XP level 7. HP: 9/54 MP: 7/7
  3827 | D:5      | Entered Level 5 of the Dungeon
  3851 | D:5      | Reached skill level 5 in Long Blades
  3966 | D:5      | Found a sacrificial altar of Ru.
  3967 | D:5      | Found an opulent altar of Gozag.
  3970 | D:5      | Found a sparkling altar of Nemelex Xobeh.
  4046 | D:5      | Found a shadowy altar of Dithmenos.
  4496 | D:5      | Reached XP level 8. HP: 47/61 MP: 8/8
  4873 | D:5      | Reached * piety under Qazlal
  4875 | D:5      | Reached skill level 6 in Long Blades
  4882 | D:5      | Reached skill level 5 in Fighting
  4882 | D:5      | Reached skill level 1 in Stealth
  5596 | D:6      | Reached skill level 5 in Armour
  5827 | D:6      | Found Kuaroad's Jewellery Emporium.
  6228 | D:6      | Reached skill level 7 in Long Blades
  6339 | D:6      | Gained mutation: You have an unusually large brain. (Int
                  | +2) [demonic ancestry]
  6339 | D:6      | Reached XP level 9. HP: 68/68 MP: 9/9
  6349 | D:6      | Reached skill level 5 in Shields
  6657 | D:7      | Found a transporter.
  6703 | D:7      | Reached ** piety under Qazlal
  7103 | D:7      | Found Rirec's Tremendous Tomes.
  7550 | D:8      | Reached skill level 8 in Long Blades
  7643 | D:8      | Noticed Erica
  7655 | D:8      | Slain by Erica

Illustrated notes

Levels and vault maps discovered:
D:1:      tarquinn_simple_flora_water_f, layout_loops_corners
D:2:      layout_rooms, minivault_23, uniq_sigmund
D:3:      minmay_spotlight, layout_basic, shapermc_ecumenical_altar_rom_forum,
          minmay_misc_feat_diagonals, chequers_serial_rivers_micro_a,
          st_stairs_1, uniq_terence, uniq_jessica
D:4:      minmay_wonky_spiral, layout_loops_ring, minmay_temple_entry_ruins,
          chequers_serial_rivers_room_a, uniq_grinder
D:5:      layout_cave_pods, grunt_temple_overflow_open,
          nicolae_dithmenos_shadow_blocks, minmay_circle_x
D:6:      layout_loops_ring, serial_shops, shop, minmay_starry_boxes
D:7:      gammafunk_beogh_shrine, layout_cave_pools, serial_glass,
          glass_columns_a, glass_columns_c, hangedman_decor_clover_reticule,
          nicolae_shop_i_like_big_books
D:8:      kennysheep_spiral_hall, layout_cave_pools, minmay_tree_intersection,
          solitary_fountain, uniq_erica
Temple:   nicolae_temple_bog_church

Skill      XL: |  1  2  3  4  5  6  7  8  9 |
---------------+----------------------------+-----
Armour         | 3 4 5 6 |  6.2
Shields        | 3 4 6 |  6.0
Long Blades    | 2 3 4 5 7 8 |  8.3
Dodging        | 1 2 3 |  3.8
Fighting       | 4 5 6 |  6.0
Stealth        | 1 2 |  2.0

Action                     |  1- 3 |  4- 6 |  7- 9 || total
---------------------------+-------+-------+-------++-------
  Melee: Long sword        |   123 |   130 |   350 ||   603
         Headbutt          |       |    21 |    66 ||    87
    Use: Potion            |     1 |       |     1 ||     2
         Scroll            |       |     8 |     3 ||    11
 Armour: Scale mail        |    26 |       |       ||    26
         Ring mail         |    65 |    68 |   142 ||   275
  Dodge: Dodged            |    81 |    58 |   193 ||   332
  Block: Buckler           |    28 |    32 |   124 ||   184
